 Dungeon Crawl Stone Soup version 0.27.1 (webtiles) character file.

Game seed: 589637170030686978

94 ZARRMARR the Chiller (level 4, 0/30 HPs)
             Began as a Merfolk Ice Elementalist on Aug 22, 2021.
             Killed by nerve-wracking pain
             ... invoked by Grinder
              (14 damage)
             ... while paralysed by Grinder
             ... on level 3 of the Dungeon.
             The game lasted 00:12:43 (3348 turns).

ZARRMARR the Chiller (Merfolk Ice Elementalist)     Turns: 3348, Time: 00:12:44

Health: 0/30       AC:  3    Str:  8    XL:     4   Next: 63%
Magic:  7/8        EV:  2    Int: 15    God:
Gold:   81         SH:  0    Dex: 14    Spells: 7/8 levels left

rFire    x . .     SeeInvis .   c - +0 spear
rCold    + . .     Faith    .   (no shield)
rNeg     . . .     Spirit   .   a - +0 robe
rPois    .         Reflect  .   (no helmet)
rElec    .         Harm     .   (no cloak)
rCorr    .         Rampage  .   (no gloves)
Will     .....                  g - +0 pair of boots
Stlth    ++........             (no amulet)
HPRegen  0.10/turn              h - ring of ice
MPRegen  0.11/turn              (no ring)

@: paralysed
A: (nimble swimmer 2), mertail
a: no special abilities


You were on level 3 of the Dungeon.
You visited 1 branch of the dungeon, and saw 3 of its levels.

You collected 81 gold pieces.

Inventory:

Hand Weapons
 c - a +0 spear (weapon)
Missiles
 f - 82 stones
 k - 3 boomerangs (quivered)
Armour
 a - a +0 robe (worn)
 g - a +0 pair of boots (worn)
Jewellery
 b - a ring of flight
 h - a ring of ice (left hand)
Scrolls
 l - 2 scrolls of teleportation
Potions
 d - a potion of haste {unknown}
 e - a potion of flight {unknown}
 i - a potion of attraction {unknown}
 j - a potion of degeneration {unknown}


   Skills:
 + Level 0.2 Fighting
 + Level 3.0 Dodging
 + Level 3.4 Stealth
 + Level 2.8 Spellcasting
 + Level 5.2 Ice Magic


You had 7 spell levels left.
You knew the following spells:

 Your Spells              Type           Power      Damage    Failure   Level
a - Freeze                Ice            100%       1d11      2%          1

Your spell library contained the following spells:

 Spells                   Type           Power      Damage    Failure   Level
 Frozen Ramparts          Ice            52%        1d7       7%          3
 Ozocubu's Armour         Ice            26%        N/A       7%          3
 Animate Skeleton         Necr           4%         N/A       21%         1
 Apportation              Tloc           4%         N/A       21%         1
 Corona                   Hex            2%         N/A       21%         1
 Summon Small Mammal      Summ           8%         N/A       21%         1
 Slow                     Hex            2%         N/A       30%         2
 Confusing Touch          Hex            2%         N/A       52%         3
 Hailstorm                Conj/Ice       14%        3d5       56%         4
 Yara's Violent Unravell  Hex/Tmut       1%         3d3       99%         5


Dungeon Overview and Level Annotations

Branches:
Dungeon (3/15)

Altars:
Xom

Annotations:
D:3 Grinder


Innate Abilities, Weirdness & Mutations

((You are quick and stealthy near water. (Stealth+, EV+, Speed+++)))
Your lower body shifts to a powerful aquatic tail in water.


Message History

Press: ? - help, Shift-Dir - straight line, f/p - Grinder
Aim: Grinder You feel a surge of power!
You freeze Grinder.
Grinder resists.
Grinder is lightly wounded.
Grinder blinks!
Throw: 3 boomerangs
Press: ? - help, Q - select action, (/) - cycle Shift-Dir - straight line, f/p - Grinder
Aim: Grinder (lightly wounded, 53% to hit)
You throw a boomerang. The boomerang closely misses Grinder.
Unknown command.
Throw: 3 boomerangs
Press: ? - help, Q - select action, (/) - cycle Shift-Dir - straight line, f/p - Grinder
Aim: Grinder (53% to hit)
You throw a boomerang. The boomerang barely misses Grinder.
Unknown command.
Throw: 3 boomerangs
Press: ? - help, Q - select action, (/) - cycle Shift-Dir - straight line, f/p - Grinder
Aim: Grinder (53% to hit)
You throw a boomerang.
The boomerang completely misses Grinder.
Unknown command.
Throw: 3 boomerangs
Press: ? - help, Q - select action, (/) - cycle Shift-Dir - straight line, f/p - Grinder
Aim: Grinder (53% to hit)
You throw a boomerang. The boomerang hits Grinder.
Grinder is lightly wounded.
Grinder says, "DUCK!"
Casting: Freeze (safe; 2% risk of failure)
Confirm with . or Enter, or press ? or * to list all spells.
Aiming: Freeze (safe; 2% risk of failure)
Press: ? - help, Shift-Dir - straight line, f/p - Grinder
Aim: Grinder (lightly wounded)
You feel a surge of power!
You freeze Grinder.
Grinder resists.
Grinder is lightly wounded.
Grinder gestures at you.
You suddenly lose the ability to move!
Grinder hits you.
You writhe in agony.
Grinder gestures at you. Pain shoots through your body!
You die...

#........######...
#............#######
#.##................
#.#######.####### #.
#.# #.# #.#
.#######.#
......5@.#
.#######.# ###


You could see Grinder.

Vanquished Creatures
  Natasha (D:2)
  An adder (D:2)
  An adder skeleton (D:2)
  3 dart slugs (D:1)
  5 endoplasms
  3 giant cockroaches
  6 goblins
  2 hobgoblins
  4 jackals (D:2)
  4 kobolds
  2 quokkas
  4 ball pythons
  5 bats
  3 frilled lizards
  3 rats (D:1)
47 creatures vanquished.

Notes
Turn   | Place    | Note
-------+----------+-------------------------------------------
     0 | D:1      | ZARRMARR the Merfolk Ice Elementalist began the quest for
                  | the Orb.
     0 | D:1      | Reached XP level 1. HP: 13/13 MP: 3/3
   626 | D:1      | Reached XP level 2. HP: 17/19 MP: 1/5
  1091 | D:1      | Found a faded altar of an unknown god.
  1125 | D:1      | Reached skill level 5 in Ice Magic
  1222 | D:1      | Reached XP level 3. HP: 20/24 MP: 3/6
  2340 | D:2      | Reached XP level 4. HP: 26/30 MP: 5/7
  2424 | D:2      | Noticed Natasha
  2462 | D:2      | Killed Natasha
  3297 | D:3      | Found a shimmering altar of Xom.
  3300 | D:3      | Found a shimmering altar of Xom.
  3301 | D:3      | Found a shimmering altar of Xom.
  3302 | D:3      | Found a shimmering altar of Xom.
  3304 | D:3      | Found a shimmering altar of Xom.
  3304 | D:3      | Found a shimmering altar of Xom.
  3306 | D:3      | Found a shimmering altar of Xom.
  3335 | D:3      | Noticed Grinder
  3346 | D:3      | Paralysed by Grinder for 4 turns
  3348 | D:3      | Killed from afar by Grinder

Illustrated notes

Levels and vault maps discovered:
D:1:      psy_arrival_wood_between_worlds, layout_basic,
          shapermc_ecumenical_altar_mp_highgroup, serial_forest,
          infiniplex_forest_lined_2, infiniplex_forest_lined_2,
          infiniplex_forest_clump_tiny, infiniplex_forest_clump_medium,
          infiniplex_forest_end_3, infiniplex_forest_clump_large,
          infiniplex_forest_end_2, infiniplex_forest_zigzag_1, interstate_on_off
D:2:      layout_loops_ring, uniq_natasha
D:3:      layout_basic, nicolae_xom_altar_mimics, uniq_crazy_yiuf_cottage,
          uniq_robin, uniq_grinder

Skill      XL: |  1  2  3 |
---------------+----------+-----
Ice Magic      | 5 |  5.2
Dodging        | 3 |  3.0
Stealth        | 3 |  3.4
Fighting       | |  0.2
Spellcasting   | |  2.8

Action                   |  1- 3 |  4- 6 || total
-------------------------+-------+-------++-------
Melee: Unarmed           |     4 |       ||     4
       Club              |    23 |     5 ||    28
       Spear             |       |     3 ||     3
Throw: Stone             |    11 |     2 ||    13
       Boomerang         |       |    10 ||    10
 Cast: Freeze            |    51 |    16 ||    67
  Use: Scroll            |       |     1 ||     1
 Stab: Sleeping          |    11 |     5 ||    16
Armor: Robe              |     9 |     2 ||    11
Dodge: Dodged            |    29 |     6 ||    35
